 Dungeon Crawl Stone Soup version 0.22-a0-284-g99d1f74 (webtiles) character file.

10 ololoev the Grasshopper (level 2, 15/22 HPs)
             Began as a Demonspawn Warper on Mar 20, 2018.
             Quit the game on level 1 of the Dungeon.
             The game lasted 00:03:06 (726 turns).

ololoev the Grasshopper (Demonspawn Warper)          Turns: 726, Time: 00:03:07

Health: 15/22      AC:  5    Str: 11    XL:     2   Next: 10%
Magic:  5/5        EV: 12    Int: 14    God:
Gold:   45         SH:  0    Dex: 12    Spells: 5/5 levels left

rFire    . . .     SeeInvis .   a - +0 hand axe
rCold    . . .     Gourm    .   (no shield)
rNeg     . . .     Faith    .   b - +1 leather armour
rPois    +         Spirit   .   (no helmet)
rElec    .         Reflect  .   (no cloak)
rCorr    .         Harm     .   c - +0 pair of gloves
MR       .....                  (no boots)
Stlth    +.........             (no amulet)
HPRegen  0.07/turn              (no ring)
MPRegen  0.09/turn              (no ring)

@: no status effects
A: claws 1, deterioration 1, poison resistance
a: no special abilities


Innate Abilities, Weirdness & Mutations

You have sharp fingernails.
Your body sometimes deteriorates upon taking damage.
Your system is resistant to poisons. (rPois)

Inventory:

Hand Weapons
 a - a +0 hand axe (weapon)
Missiles
 e - 5 tomahawks of dispersal (quivered)
Armour
 b - a +1 leather armour (worn)
 c - a +0 pair of gloves (worn)
Comestibles
 f - 2 rations


   Skills:
 + Level 2.1 Fighting
 * Level 2.1 Axes
 - Level 0.8 Throwing
 + Level 1.1 Armour
 + Level 1.9 Dodging
 - Level 2.0 Spellcasting
   Level 2.6 Translocations


You had 5 spell levels left.
You didn't know any spells.


You were on level 1 of the Dungeon.
You were not hungry.

You visited 1 branch of the dungeon, and saw 1 of its levels.

You collected 45 gold pieces.

### ######### #########..
#.......####......##.# ####
#....................# g..#
#######.................####
##.###...##.......#.............#
.....#.#.##.##....#.†..######.#.#
>........................(.......
.#..........#...@.##.####.#####.#
.................................
g.w......#.#..####.#.###...##...#
.#####.###r#...###†#.###...##.###
.#.........##..##......#...##.###
##.#.##....#...##......#.........
#.#...l.#.######......#...##.##.
##.##......# #......##)..#.##.
...ll......# #......##.#.#....

Notes
Turn   | Place    | Note
-------+----------+-------------------------------------------
     0 | D:1      | ololoev the Demonspawn Warper began the quest for the Orb.
     0 | D:1      | Reached XP level 1. HP: 16/16 MP: 3/3
   179 | D:1      | Reached skill level 1 in Armour
   336 | D:1      | Gained mutation: Your body sometimes deteriorates upon taking damage. [potion of mutation]
   336 | D:1      | Gained mutation: Your system is resistant to poisons. (rPois) [potion of mutation]
   700 | D:1      | Gained mutation: You have sharp fingernails. [demonic ancestry]
   700 | D:1      | Reached XP level 2. HP: 15/22 MP: 5/5
   726 | D:1      | Quit the game

Dungeon Overview and Level Annotations

Branches:
Dungeon (1/15)

Altars:


Message History

The frilled lizard is heavily wounded.
The frilled lizard bites you but does no damage.
You hit the frilled lizard.
You kill the frilled lizard!
You start resting.
HP restored.
The rat bites you.
You hit the rat.
You kill the rat!
No target in view!
No target in view!
You start resting.
HP restored.
Found a pair of gloves.
Found 27 arrows.
You see here a pair of gloves.
c - a pair of gloves Wear which item? (? for menu, Esc to quit)
You start putting on your armour.
You continue putting on your pair of gloves. x4
You finish putting on your +0 pair of gloves.
You start waiting.
You barely miss the goblin. The goblin misses you.
You barely miss the goblin. The goblin hits you.
You closely miss the goblin. The goblin misses you.
The goblin closely misses you.
You hit the goblin but do no damage. The goblin hits you.
You hit the goblin.
The goblin is moderately wounded.
The goblin hits you but does no damage.
The frilled lizard hisses angrily.
You hit the goblin.
You kill the goblin!
You have reached level 2!
You feel monstrous as your demonic heritage exerts itself.
Your demonic ancestry asserts itself...
Your fingernails lengthen.
You closely miss the frilled lizard.
The frilled lizard bites you but does no damage.
The frilled lizard barely misses you.
You closely miss the frilled lizard. The frilled lizard misses you.
You hit the frilled lizard.
You kill the frilled lizard!
No target in view!
No target in view!
No target in view!
No target in view!
No target in view!
No target in view!
No target in view!
No target in view!
You now have 45 gold pieces (gained 12).
You see here a goblin corpse.
You start resting.
The giant cockroach barely misses you.
You barely miss the giant cockroach. The giant cockroach bites you.
You hit the giant cockroach but do no damage.
The giant cockroach barely misses you.
You hit the giant cockroach.
The giant cockroach is heavily wounded.
The giant cockroach closely misses you. The giant cockroach barely misses you.
You hit the giant cockroach.
You kill the giant cockroach!
No target in view!
No target in view!
No target in view!
No target in view!
No target in view!
No target in view!
No target in view!
No target in view!
No target in view!
No target in view!
No target in view!
No target in view!
No target in view!
No target in view!
No target in view!
No target in view!
Are you sure you want to abandon this character and quit the game? (Confirm with "yes".)

There were no monsters in sight!

Vanquished Creatures
  3 giant cockroaches (D:1)
  A goblin (D:1)
  A hobgoblin (D:1)
  4 frilled lizards (D:1)
  A rat (D:1)
10 creatures vanquished.

Action                   || total
-------------------------++-------
Melee: Hand axe          ||    45
  Use: Scroll            ||     4
       Potion            ||     1
Armor: Leather armour    ||    13
Dodge: Dodged            ||    34

Vault maps used:
D:1:      lightli_arrival_farm, minmay_small_reverse_x
